cohdb
Replays
Latest Replays
All Replays
Popular Replays
Top Player Replays
Match Explorer
How It Works
Community
CoH3 Stats
Reddit
Sign in to upload your games and track your stats! →
Sign in with Steam
Match 43703085
Unlisted
Match 43703085
Overview
Messages
Build Orders
End
Construct Infanterie Kompanie
Construct Infanterie Kompanie
Selects Breakthrough Battlegroup
MG 42 Machine Gun Team
Grenadier Squad
Selects Assault Grenadiers
Grenadier Squad
GrW 34 Mortar Team
Selects Rapid Production
Construct Panzergrenadier Kompanie
Panzergrenadier Squad
Panzergrenadier Officer Quarters
Pak 40 Anti-tank Gun Team
Medical Station
Selects Blitzkrieg
Support Elements
MG 42 Machine Gun Team
StuG III G Assault Gun
Construct Panzer Kompanie
Pioneer Squad
Side Skirts
Nebelwerfer 42 Rocket Launcher Team
Selects Tiger Heavy Tank
MG 42 Machine Gun Team
Medical Bunker
Tiger Heavy Tank
Selects Breakthrough
Selects Incendiary Bombing Run
MG 42 Machine Gun Team
Incendiary Bombing Run
Breakthrough
GBAeko
stupid
Guanxi_Aya
Bran
DrewP
Dillbro
0
0
Comments
sign in to comment!
No comments posted yet!